 Dungeon Crawl Stone Soup version 0.20.1-1-g8b1a95d (webtiles) character file.

310 Jazqa the Skirmisher (level 6, -5/40 HPs)
             Began as a Gargoyle Monk on Oct 31, 2017.
             Was a Believer of the Shining One.
             Slain by an ogre
             ... wielding a +0 giant club
              (20 damage)
             ... on level 4 of the Dungeon.
             The game lasted 00:05:36 (3945 turns).

Jazqa the Skirmisher (Gargoyle Monk)                Turns: 3945, Time: 00:05:36

Health: -5/40      AC: 15    Str: 15    XL:     6   Next: 41%
Magic:  5/8        EV:  2    Int: 18    God:    the Shining One [**....]
Gold:   194        SH: 17    Dex: 12    Spells: 5/5 levels left

rFire    + . .     SeeInvis .     - Unarmed
rCold    . . .     Gourm    .   p - +0 large shield
rNeg     + + .     Faith    .   q - +2 chain mail {rF+}
rPois    ∞         Spirit   .   (no helmet)
rElec    +         Reflect  .   v - +0 cloak
rCorr    .         Harm     .   (no gloves)
MR       .....                  (no boots)
Stlth    ..........             (no amulet)
Regen    0.2/turn               I - +6 ring of intelligence
MPRegen  0.2/turn               (no ring)

@: divine shield, glowing
A: negative energy resistance 1, electricity resistance, unbreathing,
petrification resistance, rot immunity, AC +4
a: Divine Shield, Renounce Religion


You were on level 4 of the Dungeon.
You worshipped the Shining One.
The Shining One was pleased with you.
You were not hungry.

You visited 1 branch of the dungeon, and saw 4 of its levels.

You collected 216 gold pieces.
You spent 22 gold pieces at shops.


Innate Abilities, Weirdness & Mutations

You are resistant to torment.
Your stone body is resilient. (AC +4)
You are immune to poison.
You resist negative energy. (rN+)
You are resistant to electric shocks. (rElec)
You can survive without breathing.
You are immune to petrification.
You are immune to rotting.


   Skills:
 + Level 5.4 Fighting
 - Level 2.5 Dodging
 - Level 2.1 Stealth
 + Level 4.6 Unarmed Combat
 + Level 3.2 Invocations


You had 5 spell levels left.
You didn't know any spells.

Inventory:

Armour
 p - a +0 large shield (worn)
 q - a +2 chain mail of fire resistance (worn)
 v - a +0 cloak (worn)
Jewellery
 I - a +6 ring of intelligence (left hand)
Scrolls
 a - 2 scrolls of amnesia
 d - a scroll of identify {@r1}
 e - a scroll of fog
 o - 2 scrolls of remove curse {@r2}
Potions
 f - a potion of ambrosia
 g - a potion of cancellation
 h - a potion of lignification {!q}
 k - a potion of magic
Comestibles
 b - a bread ration {@e1}
 i - 2 meat rations {@e1}
 l - a fruit {@e2}
 m - 4 chunks of flesh
 r - 2 royal jellies {@e3}

Dungeon Overview and Level Annotations

Branches:
Dungeon (4/15)
 Temple: D:4-7

Altars:
Okawaru
Trog
The Shining One

Shops:
D:4

?* ##.. #..... #..#
.....+...... #####..#
#...#..... ....... .
##...#.... ..###.#...
..#........ .........
.......▒.#########.....
#.#.............##......
#.....▒.∩.▒####.##......
......O@†...............
#.###.hh▒.......##......
#..######.....÷.....
#..########.##..#... ##
.........§§..#....... .
.....##########.......
...... #....... ......
#.#..... #.#.#.#.


You could see an ogre and 2 jackals.


Message History

You are too injured to fight recklessly!
You hit the ogre.
The ogre is moderately wounded.
You block the jackal's attack. x2; The ogre hits you with a giant club.
* * * LOW HITPOINT WARNING * * *
Unknown command.
You hit the ogre.
The ogre is heavily wounded.
The jackal barely misses you.
The jackal bites you but does no damage.
You block the jackal's attack.
The jackal bites you but does no damage.
The ogre hits you but does no damage.
Use which ability? (? or * to list)
Your shield is strengthened by the Shining One's divine power.
You feel slightly more hungry. You block the jackal's attack. x2
Unknown command.
You punch the ogre!
The ogre is severely wounded.
You block the jackal's attack.
The jackal bites you but does no damage.
You block the ogre's attack.
The jackal bites you but does no damage.
You hit the ogre but do no damage.
The ogre is severely wounded.
You block the jackal's attack. x2
The jackal bites you but does no damage.
The ogre hits you with a giant club!!
Ouch! That really hurt!
You die...

Skill      XL: |  1  2  3  4  5  6 |
---------------+-------------------+-----
Fighting       | 4 5 |  5.4
Invocations    | 1 2 3 |  3.2
Unarmed Combat | 4 |  4.6
Dodging        | |  2.5
Stealth        | |  2.1

Action                   |  1- 3 |  4- 6 || total
-------------------------+-------+-------++-------
Melee: Unarmed           |   130 |   241 ||   371
       Punch             |     1 |       ||     1
Invok: Divine Shield     |       |     1 ||     1
  Use: Scroll            |       |    13 ||    13
 Stab: Sleeping          |     1 |       ||     1
  Eat: Chunk             |     3 |     7 ||    10
Armor: Robe              |    61 |     3 ||    64
       Chain mail        |       |   171 ||   171
Dodge: Dodged            |   102 |    24 ||   126
Block: Large shield      |     5 |   126 ||   131
       Buckler           |     4 |       ||     4

Vault maps used:
D:1:      onia_arrival_handbag
D:2:      nicolae_overflow_crystal_walls
D:3:      cheibrodos_pilgrimage, chequers_ecumenical_altar_simple
D:4:      overflow_temple_1_default, overflow_temple_1_default, serial_shops,
          shop, nicolae_shop_crystal, kennysheep_mini_moat, shop,
          nicolae_shop_stone, feat_on_display

Notes
Turn   | Place    | Note
-------+----------+-------------------------------------------
     0 | D:1      | Jazqa the Gargoyle Monk began the quest for the Orb.
     0 | D:1      | Reached XP level 1. HP: 14/14 MP: 1/1
    33 | D:1      | Reached XP level 2. HP: 8/19 MP: 2/2
   600 | D:1      | HP: 2/20 [ooze (1)]
   618 | D:1      | HP: 1/20 [hobgoblin (2)]
   619 | D:1      | Reached skill level 4 in Fighting
   943 | D:1      | Reached XP level 3. HP: 24/24 MP: 3/3
  1209 | D:2      | Found a glowing golden altar of the Shining One.
  1379 | D:2      | Became a worshipper of the Shining One
  1379 | D:2      | Reached * piety under the Shining One
  1379 | D:2      | Reached ** piety under the Shining One
  1763 | D:2      | Reached skill level 1 in Invocations
  2009 | D:3      | Reached XP level 4. HP: 24/30 MP: 4/4
  2029 | D:3      | Found a faded altar of an unknown god.
  2399 | D:3      | Reached skill level 2 in Invocations
  2399 | D:3      | Reached XP level 5. HP: 29/34 MP: 6/6
  2413 | D:3      | Reached skill level 4 in Unarmed Combat
  2451 | D:3      | Reached skill level 5 in Fighting
  3460 | D:3      | Reached XP level 6. HP: 39/40 MP: 6/8
  3593 | D:4      | Found a bloodstained altar of Trog.
  3747 | D:4      | Found an iron altar of Okawaru.
  3763 | D:4      | Reached skill level 3 in Invocations
  3862 | D:4      | Found Kioseju's Magic Scroll Shoppe.
  3870 | D:4      | Bought a scroll of identify for 22 gold pieces
  3888 | D:4      | Found Ihenac's General Store.
  3945 | D:4      | Slain by an ogre

Vanquished Creatures
  An orc priest (D:3)
  2 orc wizards
  A worker ant (D:4)
  8 adders
  4 oozes
  A worm (D:3)
  2 dart slugs
  A leopard gecko (D:3)
  18 orcs
  8 bats
  2 giant cockroaches
  10 goblins
  6 hobgoblins
  7 jackals
  A quokka (D:2)
  2 ball pythons (D:3)
  3 frilled lizards
  7 kobolds
  9 rats
93 creatures vanquished.
